 Dungeon Crawl Stone Soup version 0.21.1-1-g345015f (webtiles) character file.

72 wotfoxis the Caller (level 4, -6/24 HPs)
             Began as a Deep Elf Summoner on Feb 17, 2018.
             Splashed by Ijyb's acid (12 damage)
             ... on level 3 of the Dungeon.
             The game lasted 00:16:30 (2677 turns).

wotfoxis the Caller (Deep Elf Summoner)             Turns: 2677, Time: 00:16:31

Health: -6/24      AC: -2    Str:  5    XL:     4   Next: 7%
Magic:  11/11      EV: 13    Int: 20    God:
Gold:   106        SH:  0    Dex: 16    Spells: 4/10 levels left

rFire    . . .     SeeInvis .   d - +0 dagger
rCold    . . .     Gourm    .   (no shield)
rNeg     . . .     Faith    .   a - +0 robe
rPois    .         Spirit   .   (no helmet)
rElec    .         Reflect  .   (no cloak)
rCorr    .         Harm     .   (no gloves)
MR       .....                  (no boots)
Stlth    ++........             (no amulet)
HPRegen  0.08/turn              (no ring)
MPRegen  0.12/turn              (no ring)

@: corroded
A: no striking features
a: no special abilities


You were on level 3 of the Dungeon.
You were not hungry.

You visited 1 branch of the dungeon, and saw 3 of its levels.

You collected 106 gold pieces.

Inventory:

Hand Weapons
 d - a +0 dagger (weapon)
Armour
 a - a +0 robe (worn)
Scrolls
 c - a scroll of magic mapping {unknown}
 f - a scroll of remove curse
 h - 2 scrolls of amnesia {unknown}
 i - a scroll of fear {unknown}
 m - a scroll of teleportation {unknown}
 o - a scroll of identify {unknown}
Potions
 e - 2 potions of curing {unknown}
 g - a potion of haste {unknown}
 j - 2 potions of resistance {unknown}
 l - a potion of flight {unknown}
 p - a potion of magic {unknown}
Books
 b - a book of Callings

   Spells                             Type                      Level
   a - Summon Small Mammal            Summoning                    1
   b - Call Imp                       Summoning                    2
   c - Call Canine Familiar           Summoning                    3
   d - Summon Guardian Golem          Hexes/Summoning              3
   e - Summon Lightning Spire         Summoning/Air                4
   f - Summon Ice Beast               Ice/Summoning                4
Comestibles
 k - 3 rations
 n - a chunk of flesh


   Skills:
 + Level 0.7 Short Blades
 + Level 2.8 Dodging
 + Level 3.2 Stealth
 + Level 3.9 Spellcasting
 + Level 5.2 Summonings


You had 4 spell levels left.
You knew the following spells:

 Your Spells              Type           Power        Failure   Level  Hunger
a - Summon Small Mammal   Summ           ###.         1%          1    None
b - Call Imp              Summ           ###.....     2%          2    ##.....
c - Summon Guardian Gole  Hex/Summ       ##......     13%         3    ###....


Dungeon Overview and Level Annotations

Branches:
Dungeon (3/15)

Altars:
Makhleb
Sif Muna
Trog
Vehumet

Annotations:
D:3 Ijyb


Message History

You swap places.
Your rat disappears in a puff of smoke!
Your quokka disappears in a puff of smoke!
Done exploring.
There is a stone staircase leading down here.
You climb downwards.
An orc comes into view.
There is a stone staircase leading up here.
The helpless orc fails to defend itself.
You puncture the orc!
You kill the orc!
Things that are here:
3 tomahawks; a ring mail Ijyb the Twisted Goblin comes into view.
She is wielding a dagger.
Ijyb zaps a wand.
The bolt of acid hits you!
Ouch! That really hurt!
* * * LOW HITPOINT WARNING * * *
The acid corrodes you!
You are splashed with acid!
The acid burns!
Ouch! That really hurt!
You die...

#. #. #.. #.#
.g###.# ...#.#
####.#.# .......##
## #....###....
#..#@....... #
#....###....
...##########.####
# #...<.....(..#
##############


You could see Ijyb.

Vanquished Creatures
  An adder (D:2)
  An ooze (D:1)
  An orc (D:3)
  3 giant cockroaches (D:2)
  2 goblins
  5 hobgoblins
  2 jackals
  3 kobolds
  3 bats
  3 frilled lizards
  4 rats
28 creatures vanquished.

Vanquished Creatures (collateral kills)
  2 adders (D:2)
  2 worms (D:2)
  A leopard gecko (D:1)
  A ball python (D:2)
  6 bats
  3 giant cockroaches
  2 hobgoblins
  4 jackals
  A frilled lizard (D:1)
  5 kobolds
  2 rats
29 creatures vanquished.

Grand Total: 57 creatures vanquished

Notes
Turn   | Place    | Note
-------+----------+-------------------------------------------
     0 | D:1      | wotfoxis the Deep Elf Summoner began the quest for the Orb.
     0 | D:1      | Reached XP level 1. HP: 10/10 MP: 6/6
   528 | D:1      | Reached XP level 2. HP: 15/15 MP: 8/8
   628 | D:1      | Learned a level 2 spell: Call Imp
  1418 | D:2      | Reached XP level 3. HP: 11/19 MP: 1/9
  1441 | D:2      | Found a burning altar of Makhleb.
  1442 | D:2      | Reached skill level 5 in Summonings
  1452 | D:2      | Found a radiant altar of Vehumet.
  1471 | D:2      | Found a bloodstained altar of Trog.
  1662 | D:2      | Learned a level 3 spell: Summon Guardian Golem
  2310 | D:2      | Found a deep blue altar of Sif Muna.
  2375 | D:2      | Reached XP level 4. HP: 23/24 MP: 6/11
  2676 | D:3      | Noticed Ijyb
  2677 | D:3      | Splashed by Ijyb's acid

Skill      XL: |  1  2  3 |
---------------+----------+-----
Summonings     | 5 |  5.2
Stealth        | 3 |  3.2
Short Blades   | |  0.7
Dodging        | |  2.8
Spellcasting   | |  3.9

Action                   |  1- 3 |  4- 6 || total
-------------------------+-------+-------++-------
Melee: Dagger            |   116 |    12 ||   128
 Cast: Summon Small Mamm |    43 |     6 ||    49
       Call Imp          |     6 |       ||     6
       Summon Guardian G |     3 |       ||     3
  Use: Scroll            |     1 |       ||     1
 Stab: Sleeping          |    14 |     1 ||    15
       Distracted        |     2 |       ||     2
  Eat: Chunk             |     3 |       ||     3
       Ration            |     2 |       ||     2
Armor: Robe              |    41 |     8 ||    49
Dodge: Dodged            |   134 |    22 ||   156
